 Dungeon Crawl Stone Soup version 0.29.0-4-gdea44cf6ec (webtiles) character file.

Game seed: 15329486024039037576

34 NinjaNoafa the Cudgeller (level 3, 0/33 HPs)
             Began as a Meteoran Cinder Acolyte on Aug 26, 2022.
             Was a High Priest of Ignis.
             Slain by a gnoll
             ... wielding a +0 club
              (4 damage)
             ... on level 2 of the Dungeon.
             The game lasted 00:02:47 (609 turns).

NinjaNoafa the Cudgeller (Meteoran Cinder Acolyte)   Turns: 609, Time: 00:02:48

Health: 0/33       AC:  2    Str: 16    XL:     3   Next: 73%
Magic:  1/7        EV: 11    Int: 17    God:    Ignis [*****.]
Gold:   37         SH:  0    Dex:  9    Spells: 4/6 levels left

rFire   + . .      SeeInvis .   a - -1 mace (flame)
rCold   . . .      Faith    .   (no shield)
rNeg    . . .      Spirit   .   b - +0 robe
rPois   .          Reflect  .   (no helmet)
rElec   .          Harm     .   (no cloak)
rCorr   .          Rampage  .   (no gloves)
Will    +....                   (no boots)
Stlth   +.........              (no amulet)
HPRegen 0.11/turn               c - ring of willpower
MPRegen 0.10/turn               (no ring)

@: glowing
A: sense surroundings 1, otherworldly, glowing, explore regen
a: Renounce Religion, Fiery Armour, Foxfire Swarm, Rising Flame


You were on level 2 of the Dungeon.
You worshipped Ignis.
Ignis was extremely pleased with you.
You visited 1 branch of the dungeon, and saw 2 of its levels.

You collected 37 gold pieces.

Inventory:

Hand Weapons
 a - a -1 mace of flaming (weapon)
Armour
 b - a +0 robe (worn)
Magical Staves
 d - a staff of conjuration
Jewellery
 c - a ring of willpower (left hand)


   Skills:
 + Level 3.7 Fighting
 + Level 4.5 Maces & Flails
 - Level 2.0 Spellcasting
 + Level 4.1 Fire Magic


You had 4 spell levels left.
You knew the following spells:

 Your Spells              Type           Power      Damage    Failure   Level
a - Scorch                Fire           30%        2d6       5%          2

Your spell library contained the following spells:

 Spells                   Type           Power      Damage    Failure   Level


Dungeon Overview and Level Annotations

Branches:
Dungeon (2/15) Zot: 584

Altars:


Innate Abilities, Weirdness & Mutations

You passively map a small area around you.
You are easily found by Zot.
You glow in the dark.
You regain HP and MP as you explore.


Message History

The gnoll shouts!
An adder comes into view.
Nothing quivered!
Casting: Scorch (safe; 5% risk of failure)
Confirm with . or Enter, or press ? or * to list all spells.
Flames lash the gnoll.
The gnoll is heavily wounded.
The gnoll's fire resistance burns away.
The kobold shouts!
You hear an angry hiss.
A gnoll comes into view. It is wielding a +0 club.
A dart slug comes into view.
Casting: Scorch (safe; 5% risk of failure)
Confirm with . or Enter, or press ? or * to list all spells.
Flames lash the gnoll.
The gnoll is burned terribly!
You kill the gnoll!
The gnoll barely misses you.
Casting: Scorch (safe; 5% risk of failure)
Confirm with . or Enter, or press ? or * to list all spells.
You miscast Scorch.
You are very lightly contaminated with residual magic.
Nothing appears to happen.
The gnoll is no longer more vulnerable to fire.
The gnoll hits you with a +0 whip! The gnoll attacks as you move away!
The gnoll hits you with a +0 whip.
An adder comes into view.
The adder moves out of view.
You aren't carrying any potions.
You aren't carrying any scrolls.
The gnoll attacks as you move away! The gnoll barely misses you.
Your magical contamination has completely faded away.
Casting: Scorch (safe; 5% risk of failure)
Confirm with . or Enter, or press ? or * to list all spells.
You don't have enough magic to cast this spell.
The gnoll hits you with a +0 club. The gnoll hits you with a +0 whip.
The gnoll barely misses you. The gnoll hits you with a +0 club.
The gnoll attacks as you move away! The gnoll hits you with a +0 whip!
* * * LOW HITPOINT WARNING * * *
The gnoll attacks as you move away! The gnoll hits you with a +0 club.
You die...

, #K# * , ,* *#g#
* , ,, , #.# *
**#.# * ,
#.#######
#.....S.##########
######...........#
,, #.K..g......# ,
, #...gg@.....# ,,
* ##.########## *
#.# ,
*#.###############
, ,
#...............#
,
###############.#
#......#.# ,
#.####.#.# * *
#.#<##.#.#


You could see 3 gnolls, an adder and a kobold.

Vanquished Creatures
  An adder (D:2)
  A gnoll (D:2)
  A worm (D:2)
  3 endoplasms (D:1)
  A goblin (D:1)
  A quokka (D:1)
  2 bats (D:1)
  2 frilled lizards (D:1)
  A rat (D:1)
13 creatures vanquished.

Notes
Turn   | Place    | Note
-------+----------+-------------------------------------------
     0 | D:1      | NinjaNoafa the Meteoran Cinder Acolyte began the quest for
                  | the Orb.
     0 | D:1      | Reached XP level 1. HP: 19/19 MP: 3/3
   256 | D:1      | Reached XP level 2. HP: 11/26 MP: 5/5
   494 | D:1      | Glimpsed the power of Zot.
   571 | D:2      | Reached XP level 3. HP: 29/33 MP: 5/7
   574 | D:2      | Learned a level 2 spell: Scorch
   609 | D:2      | Slain by a gnoll

Illustrated notes

Levels and vault maps discovered:
D:1:      lemuel_arrival_hallway, layout_loops_corners,
          hellmonk_ecumenical_altar_pennies_from_heaven, minmay_misc_feat_rows
D:2:      layout_basic

Skill      XL: |  1  2 |
---------------+-------+-----
Spellcasting   | 2 |  2.0
Fire Magic     | 4 |  4.1
Fighting       | |  3.7
Maces & Flails | |  4.5

Action                   || total
-------------------------++-------
Melee: Mace              ||    39
 Cast: Scorch            ||     3
Armor: Robe              ||    10
Dodge: Dodged            ||    20
